 Dungeon Crawl Stone Soup version 0.29.1-12-g30fa7ad0bf (webtiles) character file.

Game seed: 1980274341711778335

2701 H0rd4k the Martial Artist (level 9, -10/61 HPs)
             Began as an Octopode Artificer on Dec 13, 2022.
             Was an Initiate of Gozag.
             Killed by divine providence
             ... invoked by an orc priest
              (15 damage)
             ... on level 9 of the Dungeon.
             The game lasted 00:10:21 (10314 turns).

H0rd4k the Martial Artist (Octopode Artificer)     Turns: 10314, Time: 00:10:21

Health: -10/61     AC:  1    Str: 11    XL:     9   Next: 65%
Magic:  16/16      EV: 13    Int: 17    God:    Gozag
Gold:   1019       SH:  0    Dex: 13    Spells: 18/18 levels left

rFire   . . .      SeeInvis .     - Unarmed
rCold   . . .      Faith    .   (no shield)
rNeg    . . .      Spirit   .   (helmet restricted)
rPois   .          Reflect  .   e - amulet of the acrobat
rElec   .          Harm     .   (no ring)
rCorr   .          Rampage  .   (no ring)
Will    .....                   (no ring)
Stlth   +++.......              (no ring)
HPRegen 0.20/turn               (no ring)
MPRegen 0.15/turn               (no ring)
                                (no ring)
                                (no ring)

@: no status effects
A: almost no armour, amphibious, 8 rings, camouflage 1, gelatinous body 1,
(nimble swimmer 1), tentacles
a: Renounce Religion, Potion Petition, Call Merchant, Bribe Branch


You were on level 9 of the Dungeon.
You worshipped Gozag.
Gozag was most pleased with you.
You visited 2 branches of the dungeon, and saw 10 of its levels.
You also visited: Ossuary.

You collected 1088 gold pieces.
You paid 69 gold pieces to Gozag.

Inventory:

Hand Weapons
 r - the +5 falchion of the Moon {vamp, rElec rPois Will+ Int-5}
   (You found it on level 4 of the Dungeon)

   It occasionally heals its wielder for a portion of the damage dealt when it
   wounds a living foe.
   Int:       It affects your intelligence (-5).
   rElec:     It insulates you from electricity.
   rPois:     It protects you from poison.
   Will:      It increases your willpower.
Missiles
 h - 7 poisoned darts (quivered)
Armour
 D - an orb of light
Jewellery
 e - an amulet of the acrobat (around mantle)
Wands
 c - a wand of charming (12)
 C - a wand of polymorph (4)
Scrolls
 a - 3 scrolls of poison
 d - a scroll of blinking {unknown}
 i - a scroll of noise {unknown}
 j - a scroll of immolation
 m - 2 scrolls of fog
 o - a scroll of summoning
 p - 4 scrolls of teleportation
 y - a scroll of enchant armour
 F - a scroll of silence {unknown}
 G - a scroll of amnesia {unknown}
Potions
 f - 3 potions of flight {unknown}
 g - 4 potions of curing
 k - 5 potions of heal wounds {unknown}
 l - a potion of ambrosia {unknown}
 q - 2 potions of might
 s - a potion of brilliance {unknown}
 t - 2 potions of degeneration {unknown}
 u - a potion of magic {unknown}
 v - a potion of attraction {unknown}
 w - a potion of mutation {unknown}
 x - 2 potions of lignification
 z - a potion of cancellation {unknown}
 A - a potion of invisibility {unknown}
 B - a potion of berserk rage {unknown}
Miscellaneous
 E - a piece from Xom's chessboard (15/15)


   Skills:
 * Level 5.6 Fighting
 + Level 0.2 Throwing
 - Level 2.3 Dodging
 - Level 1.3 Stealth
 + Level 10.1 Unarmed Combat
 * Level 5.0 Spellcasting
 - Level 3.2 Evocations


You had 18 spell levels left.
You didn't know any spells.
Your spell library contained the following spells:

 Spells                   Type           Power      Damage    Failure   Level
 Wereblood                Tmut           4%         N/A       22%         2
 Passage of Golubria      Tloc           4%         N/A       80%         4
 Petrify                  Tmut/Erth      4%         N/A       80%         4
 Metabolic Englaciation   Hex/Ice        2%         N/A       98%         5
 Eringya's Noxious Bog    Tmut/Pois      2%         N/A       100%        6
 Statue Form              Tmut/Erth      2%         N/A       100%        6
 Malign Gateway           Summ/Tloc      2%         N/A       100%        7


Dungeon Overview and Level Annotations

Branches:
Dungeon (9/15)             Temple (1/1) D:4            Lair (0/5) D:8
Ossuary (visited)
    Orc: D:9-12

Altars:
Ashenzari
Dithmenos
Gozag
Kikubaaqudgha
Qazlal
Ru
Vehumet
Yredelemnul
Zin

Shops:
D:7 [

Annotations:
D:4 1 runed translucent door, exclusions: door and ogre, MacCMillion's ghost, amateur OgTm
D:6 1 runed translucent door, exclusion: door, raetorn's ghost, novice DjHW
D:8 exclusion: steam dragon


Innate Abilities, Weirdness & Mutations

You cannot wear most types of armour.
You are amphibious.
You can wear up to eight rings at the same time.
Your skin changes colour to match your surroundings (Stealth+).
Your rubbery body absorbs attacks. (AC +1, EV +1)
((You are camouflaged when in or above water. (Stealth+)))
You have tentacles for arms and can constrict up to eight enemies at once.


Message History

You barely miss the orc priest.
The orc priest is almost dead.
You constrict the orc priest.
You kill the orc priest!
The centaur shoots an arrow.
The arrow hits you!
The centaur shoots an arrow.
The arrow completely misses you.
The centaur shoots an arrow.
The arrow closely misses you.
There is an open door here.
The centaur shoots an arrow.
The arrow completely misses you.
The centaur shoots an arrow.
The arrow misses you.
The centaur shoots an arrow.
The arrow barely misses you.
There is an open door here.
The centaur shoots an arrow.
The arrow completely misses you. 2 orcs come into view.
The centaur unwields a +0 shortbow.
The centaur completely misses you. x2
An orc priest comes into view. It is wielding a +0 whip.
A magic dart appears from out of thin air!
The magic dart hits you!
* * * LOW HITPOINT WARNING * * *
The orc moves out of view.
There is an open door here.
Aiming: Charm
Press: ? - help, Shift-Dir - straight line, f - centaur
Aim: a centaur (chance to affect: 57%)
The centaur resists with significant effort.
The orc priest shouts!
The orc shouts!
You hear a shout!
The centaur hits you.
* * * LOW HITPOINT WARNING * * *
The centaur closely misses you. The centaur hits you.
* * * LOW HITPOINT WARNING * * *
The centaur kicks you.
* * * LOW HITPOINT WARNING * * *
Aiming: Charm
Press: ? - help, Shift-Dir - straight line, f/p - centaur
Aim: a centaur (chance to affect: 57%)
The centaur resists with significant effort.
The orc priest mumbles some strange prayers to Beogh against you.
Beogh smites you!
You die...
Your body crumbles into a pile of gold.

#)............#.####
#.............#.# # ....
#.............#.#### .....
#####'#............. ..[....
#.###.....#.####
.......######.###.#...#.#...
...........#................
..........c#..###.#..##...##
.....>....{@..............##
...........#.####...###..###
^......##'##................
.......o..#####.#.#......###
......$##.# # ###.#..# #
.....o. .... ...#..# #
....... ....# #.#.#..# #
.............. ... #..# #
.......##.#.#.# .. ...# #


You could see a centaur, an orc priest and an orc.

Vanquished Creatures
  A water moccasin (D:7)
  An ice beast (D:7)
  A black bear (D:7)
  An orc warrior (D:7)
  An ogre (D:5)
  2 wolves (D:8)
  An elf zombie (D:6)
  A scorpion (D:6)
  3 bullfrogs
  An elf skeleton (D:6)
  A necrophage (D:5)
  5 wights
  A howler monkey (D:3)
  A jelly (D:6)
  3 electric eels (D:8)
  7 hounds
  3 orc priests
  2 human skeletons (D:6)
  4 orc wizards
  Ijyb (D:4)
  8 mummies (Ossuary)
  4 adders
  A gnoll (D:5)
  2 shadow imps (D:7)
  An ufetubus (D:6)
  12 orcs
  7 ball pythons
  3 bats
  10 endoplasms
  A giant cockroach (D:4)
  6 goblins
  3 hobgoblins (D:2)
  12 jackals
  4 kobolds
  5 quokkas
  6 frilled lizards
  3 gnoll zombies (Ossuary)
  2 hobgoblin zombies (Ossuary)
  3 kobold zombies (Ossuary)
  An orc zombie (D:6)
  5 rats
140 creatures vanquished.

Vanquished Creatures (collateral kills)
  A troll (D:8)
  A wolf (D:8)
  2 wights (D:7)
  An iguana (D:5)
  An orc wizard (D:5)
  An orc zombie (D:6)
7 creatures vanquished.

Vanquished Creatures (others)
  A scorpion (D:7)
  A wight (D:7)
  An orc priest (D:5)
  A gnoll (D:5)
  2 orcs (D:5)
  33 plants (D:3)
  2 withered plants (D:5)
41 creatures vanquished.

Grand Total: 188 creatures vanquished

Notes
Turn   | Place    | Note
-------+----------+-------------------------------------------
     0 | D:1      | H0rd4k the Octopode Artificer began the quest for the Orb.
     0 | D:1      | Reached XP level 1. HP: 13/13 MP: 1/1
   575 | D:1      | Reached XP level 2. HP: 18/18 MP: 1/3
   721 | D:1      | Found a faded altar of an unknown god.
   871 | D:1      | Reached skill level 1 in Spellcasting
  1415 | D:2      | Reached XP level 3. HP: 24/24 MP: 4/4
  1500 | D:2      | Reached skill level 1 in Unarmed Combat
  2499 | D:3      | Reached XP level 4. HP: 12/29 MP: 6/6
  3075 | D:3      | Reached skill level 2 in Unarmed Combat
  3131 | D:3      | Reached XP level 5. HP: 28/35 MP: 6/8
  3583 | D:4      | Found a staircase to the Ecumenical Temple.
  3828 | D:4      | Got the Cyclopedia of Non-Euclidean Transformation
  3951 | D:4      | Noticed Ijyb
  3962 | D:4      | Identified the +5 falchion of the Moon {vamp, rElec rPois
                  | Will+ Int-5}
  3977 | Temple   | Entered the Ecumenical Temple
  4048 | Temple   | Became a worshipper of Gozag Ym Sagoz the Greedy
  4071 | D:4      | Found a runed translucent door.
  4075 | D:4      | Noticed MacCMillion's ghost (amateur OgTm)
  4111 | D:4      | Noticed an ogre
  4141 | D:5      | Entered Level 5 of the Dungeon
  4164 | D:5      | Reached skill level 3 in Unarmed Combat
  4312 | D:5      | Reached XP level 6. HP: 41/42 MP: 9/9
  4494 | D:4      | Killed Ijyb
  4495 | D:4      | Reached skill level 4 in Unarmed Combat
  4761 | D:5      | Found an ancient bone altar of Kikubaaqudgha.
  4897 | D:6      | Reached skill level 5 in Unarmed Combat
  4897 | D:6      | Reached XP level 7. HP: 20/46 MP: 11/11
  4962 | D:6      | Found a sand-covered staircase.
  4973 | Ossuary  | Entered an ossuary
  5726 | D:6      | Reached skill level 6 in Unarmed Combat
  6062 | D:6      | Reached XP level 8. HP: 15/54 MP: 13/13
  6315 | D:6      | Found a runed translucent door.
  6315 | D:6      | Noticed raetorn's ghost (novice DjHW)
  6578 | D:7      | Found Vadwesuh's Antique Armour Shop.
  6669 | D:7      | Reached skill level 7 in Unarmed Combat
  7616 | D:7      | Reached skill level 8 in Unarmed Combat
  7800 | D:8      | Reached XP level 9. HP: 38/60 MP: 15/15
  8069 | D:8      | Reached skill level 5 in Fighting
  8166 | D:8      | Reached skill level 9 in Unarmed Combat
  8688 | D:8      | Found a staircase to the Lair.
  8733 | D:8      | Noticed a troll
  8786 | D:8      | Killed a troll
  9691 | D:8      | Reached skill level 10 in Unarmed Combat
  9897 | D:8      | Reached skill level 5 in Spellcasting
 10314 | D:9      | Killed from afar by an orc priest

Illustrated notes

Levels and vault maps discovered:
D:1:      amcnicky_arrival_choice, layout_loops_ring,
          chequers_ecumenical_altar_lobes, minmay_misc_feat_ornament,
          minmay_misc_feat_five
D:2:      layout_loops_corners
D:3:      layout_basic, glass_columns_a, serial_bayou_lagoon_a
D:4:      layout_rooms, minmay_temple_entry_stoned_glass, ebering_ghost_sewer_d,
          uniq_ijyb
D:5:      layout_gridville, kiku_gazebo_garden_becter, tso_metal_star,
          kennysheep_doodads
D:6:      layout_basic, hellmonk_ghost_happy_afterlife,
          nicolae_ossuary_entry_catacombs
D:7:      minmay_klotski, layout_basic, serial_shops, shop,
          hellmonk_bongcloud_opening
D:8:      layout_basic, erik_lair_island, nicolae_titane
D:9:      layout_basic, mainiacjoe_overflow_brackets, gammafunk_ghost_split,
          uniq_joseph
Temple:   hellmonk_temple_of_storms

Skill      XL: |  1  2  3  4  5  6  7  8  9 |
---------------+----------------------------+-----
Spellcasting   | 1 2 3 4 5 |  5.0
Fighting       | 2 3 4 5 |  5.6
Unarmed Combat | 1 2 3 5 6 8 10 | 10.1
Throwing       | |  0.2
Dodging        | |  2.3
Stealth        | |  1.3
Evocations     | |  3.2

Action                   |  1- 3 |  4- 6 |  7- 9 || total
-------------------------+-------+-------+-------++-------
Melee: Unarmed           |    97 |   111 |   206 ||   414
       Constrict         |    20 |    28 |    52 ||   100
       Tentacles         |    17 |    21 |    61 ||    99
       Punch             |       |     2 |    12 ||    14
Throw: Dart              |       |       |    10 ||    10
Evoke: Wand              |       |    13 |    29 ||    42
       Piece from Xom's  |       |       |     1 ||     1
  Use: Scroll            |       |       |     9 ||     9
 Stab: Sleeping          |    11 |     9 |     1 ||    21
       Distracted        |       |       |     2 ||     2
Armor: Skin              |     5 |     6 |     9 ||    20
Dodge: Dodged            |    57 |    74 |   125 ||   256
